 Dungeon Sprint DCSS version 0.26-a0-663-g36e8fdb655 (webtiles) character file.

Game seed: 7418988342104751595

82 mhtbhm the Digger (level 4, -2/24 HPs)
             Began as a Deep Elf Earth Elementalist on Oct 11, 2020.
             Slain by a water elemental (17 damage)
             ... in the Dungeon (Sprint III: "The Ten Rune Challenge").
             The game lasted 00:02:41 (229 turns).

mhtbhm the Digger (Deep Elf Earth Elementalist)      Turns: 229, Time: 00:02:43

Health: -2/24      AC:  3    Str:  5    XL:     4   Next: 21%
Magic:  11/14      EV: 14    Int: 21    God:
Gold:   18         SH:  0    Dex: 15    Spells: 9/15 levels left

rFire    + . .     SeeInvis .   a - +4 quarterstaff (chaos)
rCold    . . .     Faith    .   (shield currently unavailable)
rNeg     . . .     Spirit   .   c - +0 robe
rPois    .         Reflect  .   (no helmet)
rElec    .         Harm     .   j - +0 cloak
rCorr    .         Rampage  .   (no gloves)
MR       .....     NoTele   +   (no boots)
Stlth    +++.......             (no amulet)
HPRegen  0.08/turn              (no ring)
MPRegen  0.14/turn              (no ring)

@: no status effects
A: talons 1, fire resistance 1
a: no special abilities


You were in the Dungeon.
You visited 1 branch You collected 18 gold pieces.

Inventory:

Hand Weapons
 a - a +4 quarterstaff of chaos (weapon)
Missiles
 b - 15 stones (quivered)
Armour
 c - a +0 robe (worn)
 j - a +0 cloak (worn)
Scrolls
 i - a scroll of blinking
 m - a scroll of holy word {unknown}
 n - a scroll of immolation {unknown}
 o - 2 scrolls of remove curse
 p - a scroll of torment {unknown}
 q - 2 scrolls of identify {unknown}
Potions
 d - a potion of curing
 e - a potion of heal wounds
 f - a potion of haste
 g - 2 potions of magic
 h - a potion of berserk rage
 k - 4 potions of flight
 l - 2 potions of mutation
 r - a potion of lignification {unknown}


   Skills:
 + Level 4.2 Dodging
 + Level 3.7 Stealth
 + Level 6.2 Spellcasting
 + Level 0.2 Conjurations
 + Level 1.1 Transmutations
 + Level 7.4 Earth Magic


You had 9 spell levels left.
You knew the following spells:

 Your Spells              Type           Power        Failure   Level
a - Sandblast             Erth           #####.       1%          1
b - Passwall              Tmut/Erth      ###.....     2%          2
c - Stone Arrow           Conj/Erth      ###...       6%          3

Your spell library contained the following spells:

 Spells                   Type           Power        Failure   Level
 Lee's Rapid Deconstruct  Erth           #####.....   12%         5
 Petrify                  Tmut/Erth      ###.....     16%         4


Dungeon Overview and Level Annotations

Branches:
Dungeon (1/1)

Altars:


Innate Abilities, Weirdness & Mutations

You have sharp toenails.
Your flesh is heat resistant. (rF+)


Message History

Press: ? - help, Shift-Dir - straight line, f/p - water elemental
Aim: a water elemental (almost destroyed)
The blast of sand hits the water elemental but does no damage.
The water elemental is almost destroyed.
b - 16 stones The water elemental hits you!
The water elemental engulfs you in water!
Unknown command.
You slip free of the water engulfing you.
You gasp with relief as air once again reaches your lungs.
Casting: Sandblast (safe; 1% risk of failure)
Confirm with . or Enter, or press ? or * to list all spells.
Aiming: Sandblast (safe; 1% risk of failure)
Press: ? - help, Shift-Dir - straight line, f/p - water elemental
Aim: a water elemental (almost destroyed)
The blast of sand misses the water elemental.
b - 15 stones The water elemental hits you!
Ouch! That really hurt!
You die...

▓▓▓▓▓▓▓▓▓ ▓▓▓
▓<..#...#### ##.#
▓...#......#####..#
▓..##....†..#..#..#
▓##.##.##...#..#..# #+#+#
##.##.###..##'#..#......
▓#.####.##..###.@E'.⌠....
▓.###..##.†####...#...###
▓#.....##[.###....# ⌠.#
###..##...##.....# .#
##..##....#......# #
#..###..##.#.....# #(.#
#..#####....# ▓▓▓▓ ▓▓▓▓
▓▓▓▓▓▓


You could see a water elemental.

Vanquished Creatures
  Crazy Yiuf (D)
  Jessica (D)
  A human (D)
  2 oozes (D)
  A rat (D)
6 creatures vanquished.

Notes
Turn   | Place    | Note
-------+----------+-------------------------------------------
     0 | D        | mhtbhm the Deep Elf Earth Elementalist began the quest for
                  | the Orb.
     0 | D        | Reached XP level 1. HP: 10/10 MP: 6/6
     8 | D        | Reached skill level 4 in Earth Magic
    39 | D        | Reached XP level 2. HP: 15/15 MP: 6/8
    43 | D        | Learned a level 2 spell: Passwall
    81 | D        | Noticed Jessica
    83 | D        | Killed Jessica
    83 | D        | Reached skill level 6 in Earth Magic
    83 | D        | Reached XP level 3. HP: 19/19 MP: 8/11
    92 | D        | Learned a level 3 spell: Stone Arrow
   112 | D        | Noticed Crazy Yiuf
   122 | D        | Reached skill level 5 in Spellcasting
   183 | D        | Killed Crazy Yiuf
   183 | D        | Reached skill level 7 in Earth Magic
   183 | D        | Reached XP level 4. HP: 24/24 MP: 9/14
   219 | D        | Gained mutation: You have sharp toenails. [potion of
                  | mutation]
   219 | D        | Gained mutation: Your flesh is heat resistant. (rF+)
                  | [potion of mutation]
   225 | D        | Noticed a water elemental
   229 | D        | Slain by a water elemental

Illustrated notes

Levels and vault maps discovered:
D:        dungeon_sprint_mu [sprint_mu_entry_cave, sprint_mu_temple_rooms,
          sprint_mu_d1_spiders, sprint_mu_d2_genie, sprint_mu_d3_branching,
          sprint_mu_orc_legion, sprint_mu_elf_gauntlet, sprint_mu_hive_nellie,
          sprint_mu_lair_fedhas, sprint_mu_vaults_butterflies,
          sprint_mu_slime_circle, sprint_mu_shoals_kraken,
          sprint_mu_snake_twists, sprint_mu_blade_basic, sprint_mu_crypt_lich,
          sprint_mu_tomb_spiral, sprint_mu_vestibule_basic,
          sprint_mu_gehenna_hellfire, sprint_mu_dis_giant,
          sprint_mu_tartarus_statrot, sprint_mu_cocytus_islands, sprint_mu_zot1]

Skill      XL: |  1  2  3 |
---------------+----------+-----
Earth Magic    | 4 6 7 |  7.4
Dodging        | 3 4 |  4.2
Stealth        | 3 |  3.7
Spellcasting   | 4 6 |  6.2
Conjurations   | |  0.2
Transmutations | |  1.1

Action                   |  1- 3 |  4- 6 || total
-------------------------+-------+-------++-------
 Cast: Sandblast         |    11 |     4 ||    15
       Stone Arrow       |     1 |       ||     1
  Use: Potion            |       |     1 ||     1
Dodge: Dodged            |     1 |     1 ||     2

Table legend: (Time is in decaauts)
 A = Elapsed time spent in this place.
 B = Non-inter-level travel time spent in this place.
 C = Inter-level travel time spent in this place.
 D = Time resting spent in this place.
 E = Time spent auto-exploring this place.
 F = Levels seen in this place.
 G = Mean time per level.
                   A        B        C        D        E       F      G
               +--------+--------+--------+--------+--------+-----+--------+
         Total |    228 |    228 |      0 |     66 |     66 |   1 |  228.0 |
       Dungeon |    228 |    228 |      0 |     66 |     66 |   1 |  228.0 |
               +--------+--------+--------+--------+--------+-----+--------+

Top non-repeatable levels by time:
       D: 228 daAuts
